 Dungeon Crawl Stone Soup version 0.27-a0-46-g34d46f0a3f (webtiles) character file.

Game seed: 16621027402550505676

11517 Borgoz the Grappler (level 11, -3/101 HPs)
             Began as a Ghoul Gladiator on Jan 6, 2021.
             Was a Believer of Ashenzari.
             Slain by an eight-headed hydra (10 damage)
             ... on level 10 of the Dungeon.
             The game lasted 00:19:09 (14353 turns).

Borgoz the Grappler (Ghoul Gladiator)              Turns: 14353, Time: 00:19:10

Health: -3/101     AC: 10    Str: 19    XL:     11   Next: 79%
Magic:  10/10      EV: 17    Int:  3    God:    Ashenzari [**....]
Gold:   513        SH:  0    Dex: 13    Spells: 10/10 levels left

rFire    . . .     SeeInvis .     - Unarmed
rCold    + . .     Faith    .   (no shield)
rNeg     + + +     Spirit   .   j - +0 steam dragon scales
rPois    ∞         Reflect  .   b - +1 helmet (curse)
rElec    .         Harm     .   n - +0 cloak
rCorr    .         Rampage  .   (no gloves)
Will     .....                  (no boots)
Stlth    +.........             (no amulet)
HPRegen  0.00/turn              (no ring)
MPRegen  0.12/turn              (no ring)

@: mighty
A: claws 1, cold resistance 1, negative energy resistance 3, inhibited
regeneration, torment resistance, unbreathing
a: Renounce Religion, Curse Item, Scrying


You were on level 10 of the Dungeon.
You worshipped Ashenzari.
Ashenzari was pleased with you.
You visited 2 branches of the dungeon, and saw 11 of its levels.

You collected 788 gold pieces.
You spent 275 gold pieces at shops.

Inventory:

Armour
 b - a cursed +1 helmet (worn)
 j - +0 steam dragon scales (worn)
 n - a +0 cloak (worn)
Jewellery
 p - an uncursed ring of ice
Wands
 k - a wand of random effects (31)
 q - a wand of digging (6)
 t - a wand of disintegration (17)
Scrolls
 c - 2 scrolls of enchant armour
 d - 6 scrolls of teleportation
 f - 4 scrolls of enchant weapon
 g - a scroll of blinking
 l - a scroll of fog
 o - 3 scrolls of remove curse
 v - a scroll of brand weapon
 x - a scroll of silence
Potions
 a - a potion of degeneration {unknown}
 e - 2 potions of heal wounds
 h - a potion of brilliance
 i - 3 potions of flight
 m - 5 potions of curing
 s - a potion of might
 w - a potion of resistance


   Skills:
 + Level 10.3 Fighting
 - Level 1.7 Throwing
 + Level 8.4 Armour
 + Level 9.0 Dodging
 + Level 10.5 Unarmed Combat


You had 10 spell levels left.
You didn't know any spells.
Your spell library contained the following spells:

 Spells                   Type           Power        Failure   Level
 Animate Skeleton         Necr           0%           52%         1


Dungeon Overview and Level Annotations

Branches:
Dungeon (10/15)            Temple (1/1) D:5            Lair (0/6) D:8
    Orc (0/2) D:9

Altars:
Ashenzari
Cheibriados
Dithmenos
Elyvilon
Fedhas
Gozag
Hepliaklqana
Kikubaaqudgha
Makhleb
Nemelex Xobeh
Okawaru
Qazlal
Ru
Sif Muna
Trog
Uskayaw
Vehumet
Wu Jian
Xom
Yredelemnul
Zin
The Shining One
Beogh

Shops:
D:4 *[[=*   D:8 =


Innate Abilities, Weirdness & Mutations

You thrive by killing the living.
You are immune to poison.
You have sharp fingernails.
Your flesh is cold resistant. (rC+)
You are immune to negative energy. (rN+++)
You do not regenerate when monsters are visible.
You are immune to unholy pain and torment.
You can survive without breathing.


Message History

You feel a bit more experienced. The death knight closely misses you.
You closely miss the death knight. Your claw misses the death knight.
The death knight is moderately wounded.
You claw the death knight!
The death knight is heavily wounded.
Your surroundings suddenly seem different.
An adder comes into view.
An eight-headed hydra comes into view.
The eight-headed hydra roars!
Found 7 poisoned darts.
You claw the adder!
You kill the adder!
You feel better. The eight-headed hydra bites you.
* * * LOW HITPOINT WARNING * * *
The eight-headed hydra barely misses you.
The eight-headed hydra bites you!
* * * LOW HITPOINT WARNING * * *
The eight-headed hydra bites you!
You die...

######### #############
........###...........#
.................D...(#
................@.....#
......................#
.[....................# *
*####
........^...............
....
........................
....
.............#######....
, ....
............##.....##...,
, ....
...#####...##.#####.##..
, .... ...#
#..##.#.....#.## #######.


You could see an eight-headed hydra.

Vanquished Creatures
  Fannar (D:10)
  A hydra (D:10)
  3 two-headed ogres
  Erica (D:10)
  An unseen horror (D:10)
  Maggie (D:9)
  A troll (D:8)
  Grinder (D:3)
  A yak (D:10)
  2 wyverns
  2 wraiths (D:10)
  2 ice beasts
  2 orc warriors
  3 phantoms
  6 sky beasts
  A necrophage (D:7)
  3 ogres
  2 eyes of draining
  2 centaurs
  3 wolves (D:8)
  Blork the orc (D:5)
  6 bullfrogs
  A wyvern skeleton (D:4)
  5 scorpions
  A water moccasin skeleton (D:7)
  7 killer bees
  7 wights
  2 howler monkeys
  4 electric eels (D:8)
  A centaur zombie (D:7)
  A quasit (D:9)
  A bullfrog zombie (D:10)
  A jelly (D:10)
  4 orc priests
  11 hounds
  A gnoll shaman (D:10)
  14 orc wizards
  3 centaur skeletons
  4 iguanas
  10 worker ants
  2 hound zombies
  A hound skeleton (D:4)
  A worker ant zombie (D:6)
  3 howler monkey skeletons
  A howler monkey zombie (D:6)
  12 gnolls
  10 adders
  2 shadow imps (D:6)
  4 white imps
  An ooze (D:4)
  2 adder skeletons
  2 adder zombies
  3 worms
  2 dart slugs
  11 leopard geckos
  35 orcs
  3 ball pythons
  7 bats
  3 giant cockroaches
  5 hobgoblins
  16 jackals
  7 quokkas
  6 frilled lizards
  A giant cockroach zombie (D:5)
  8 goblins
  5 kobolds
  A leopard gecko zombie (D:7)
  2 quokka skeletons
  6 rats
286 creatures vanquished.

Vanquished Creatures (others)
  A quokka (D:10)
1 creature vanquished.

Grand Total: 287 creatures vanquished

Notes
Turn   | Place    | Note
-------+----------+-------------------------------------------
     0 | D:1      | Borgoz the Ghoul Gladiator began the quest for the Orb.
     0 | D:1      | Reached XP level 1. HP: 17/17 MP: 0/0
   284 | D:1      | Reached XP level 2. HP: 23/25 MP: 1/1
   882 | D:1      | Found a broken altar of Ashenzari.
   992 | D:2      | Reached XP level 3. HP: 30/30 MP: 2/2
  1003 | D:2      | Reached skill level 1 in Armour
  1280 | D:2      | Reached XP level 4. HP: 36/37 MP: 3/3
  1564 | D:3      | Found a blossoming altar of Fedhas.
  1719 | D:3      | Found a hazy altar of Hepliaklqana.
  1758 | D:3      | Noticed Grinder
  1774 | D:3      | Paralysed by Grinder for 2 turns
  1782 | D:3      | Paralysed by Grinder for 3 turns
  1791 | D:3      | Killed Grinder
  1792 | D:3      | Reached XP level 5. HP: 9/46 MP: 4/4
  1792 | D:3      | Reached XP level 6. HP: 10/52 MP: 5/5
  2436 | D:3      | Found a shimmering blue altar of Sif Muna.
  2626 | D:3      | Identified Sif Muna's Guide on Sinister Secrets
  3636 | D:1      | Became a worshipper of Ashenzari the Shackled
  3675 | D:4      | Reached skill level 5 in Unarmed Combat
  3680 | D:4      | Found a roughly hewn altar of Beogh.
  3685 | D:4      | Reached XP level 7. HP: 60/60 MP: 6/6
  3741 | D:4      | Found Ralotzax's Antique Armour Shop.
  3835 | D:4      | Bought a heavily runed chain mail for 275 gold pieces
  3884 | D:4      | Found Coampel's Antique Armour Shoppe.
  4056 | D:4      | Found Liv Yng's Assorted Antiques.
  4207 | D:4      | Found Fusui's Jewellery Shoppe.
  4228 | D:4      | Found Ystasoq's Assorted Antiques.
  4720 | D:5      | Entered Level 5 of the Dungeon
  4720 | D:5      | Found a shadowy altar of Dithmenos.
  4729 | D:5      | Reached skill level 5 in Fighting
  4801 | D:5      | Found a hazy altar of Hepliaklqana.
  4823 | D:5      | Reached XP level 8. HP: 66/68 MP: 7/7
  4855 | D:5      | Reached skill level 5 in Dodging
  5123 | D:5      | Found a staircase to the Ecumenical Temple.
  5159 | Temple   | Entered the Ecumenical Temple
  6347 | D:5      | Noticed Blork the orc
  6360 | D:5      | Killed Blork the orc
  6423 | D:5      | Reached * piety under Ashenzari
  6528 | D:6      | Reached XP level 9. HP: 15/78 MP: 8/8
  6966 | D:6      | Reached skill level 5 in Armour
  9193 | D:7      | Found a glowing golden altar of the Shining One.
  9334 | D:8      | Found a sacrificial altar of Ru.
  9355 | D:8      | Noticed an angel
  9371 | D:8      | Found a glowing silver altar of Zin.
  9602 | D:8      | Found a shimmering altar of Xom.
  9999 | D:8      | Found a staircase to the Lair.
  9999 | D:8      | Noticed a troll
 10261 | D:8      | Killed a troll
 10262 | D:8      | Reached XP level 10. HP: 19/88 MP: 9/9
 10988 | D:8      | Found Cickoo's Jewellery Emporium.
 11605 | D:8      | Noticed a two-headed ogre
 11613 | D:8      | Killed a two-headed ogre
 12109 | D:9      | Noticed Maggie
 12119 | D:9      | Killed Maggie
 12293 | D:9      | Found an opulent altar of Gozag.
 12404 | D:9      | Noticed a two-headed ogre
 12413 | D:9      | Killed a two-headed ogre
 12625 | D:9      | Noticed a two-headed ogre
 12637 | D:9      | Killed a two-headed ogre
 12638 | D:9      | Reached XP level 11. HP: 68/97 MP: 10/10
 12756 | D:9      | Found a staircase to the Orcish Mines.
 12783 | D:9      | Found a sparkling altar of Nemelex Xobeh.
 13036 | D:10     | Entered Level 10 of the Dungeon
 13225 | D:10     | Noticed Erica
 13240 | D:10     | Killed Erica
 13316 | D:10     | Reached ** piety under Ashenzari
 13554 | D:10     | Reached skill level 10 in Unarmed Combat
 13634 | D:10     | Found a white marble altar of Elyvilon.
 14037 | D:10     | Reached skill level 10 in Fighting
 14063 | D:10     | Noticed Fannar
 14093 | D:10     | Killed Fannar
 14302 | D:10     | Noticed a four-headed hydra
 14302 | D:10     | Noticed a death knight
 14303 | D:10     | Noticed a two-headed ogre
 14319 | D:10     | Killed a four-headed hydra
 14326 | D:10     | Killed an unseen horror
 14349 | D:10     | Noticed an eight-headed hydra
 14353 | D:10     | Slain by an eight-headed hydra

Illustrated notes

Levels and vault maps discovered:
D:1:      dpeg_arrival_water_altar, layout_basic
D:2:      layout_loops_cross
D:3:      minmay_chambers_of_twos, layout_loops_cross, led_sif_book,
          nzn_hepliaklqana_mist_gate, marbit_many_paths, gup_sewer_entry_pipe,
          uniq_grinder
D:4:      minmay_skewed_foursquare, layout_basic, serial_shops, shop,
          shop_coins, nicolae_shop_waterfront, shop,
          nicolae_shop_overgrown_old_shop, kennysheep_orc_chapel
D:5:      kennysheep_big_flooded_room, layout_basic, grunt_dithmenos_smoke,
          minmay_temple_entry_wispy, basic_altar, uniq_blork_the_orc
D:6:      layout_basic
D:7:      layout_basic, nicolae_overflow_hidden_temple,
          ebering_dispersal_statue_hall, minmay_increasing_density
D:8:      layout_loops_corners, grunt_temple_overflow_order_and_chaos_1,
          nicolae_overflow_crystal_walls, erik_lair_island, serial_shops, shop,
          hangedman_decor_riveting
D:9:      layout_loops_ring, lemuel_doored_altar,
          nemelex_xobeh_ov_fountains_minmay, orc_0_dummy,
          kennysheep_generic_room_4, uniq_maggie
D:10:     minmay_the_grid_octo_triangle [minmay_the_grid_octo_concentric,
          minmay_the_grid_octo_prize_ultimate_mussel_roller,
          minmay_the_grid_octo_focus], layout_irregular_city, elyvilon_altar_4,
          uniq_fannar, uniq_erica
Temple:   hc_temple_tempest_star

Skill      XL: |  1  2  3  4  5  6  7  8  9 10 11 |
---------------+----------------------------------+-----
Dodging        | 3 4 5 7 8 9 |  9.0
Armour         | 1 2 3 4 6 7 8 |  8.4
Fighting       | 3 4 5 6 7 9 10 | 10.3
Unarmed Combat | 4 5 6 8 9 10 | 10.5
Throwing       | |  1.7

Action                   |  1- 3 |  4- 6 |  7- 9 | 10-12 || total
-------------------------+-------+-------+-------+-------++-------
Melee: Unarmed           |   108 |   173 |   562 |   449 ||  1292
       Punch             |       |     4 |    20 |    20 ||    44
Throw: Throwing net      |     2 |     2 |     1 |       ||     5
Invok: Curse Item        |       |     1 |       |       ||     1
Evoke: Wand              |       |     5 |     2 |     7 ||    14
  Use: Potion            |     2 |     3 |     3 |     3 ||    11
       Scroll            |       |     9 |     6 |     8 ||    23
 Stab: Held in net/web   |     2 |       |       |       ||     2
       Sleeping          |       |     1 |       |     1 ||     2
Armor: Leather armour    |    24 |    65 |    86 |       ||   175
       Ring mail         |       |       |    32 |    34 ||    66
       Steam dragon scal |       |       |       |    76 ||    76
Dodge: Dodged            |    52 |   121 |   307 |   350 ||   830

Table legend: (Time is in decaauts)
 A = Elapsed time spent in this place.
 B = Non-inter-level travel time spent in this place.
 C = Inter-level travel time spent in this place.
 D = Time resting spent in this place.
 E = Time spent auto-exploring this place.
 F = Levels seen in this place.
 G = Mean time per level.
                   A        B        C        D        E       F      G
               +--------+--------+--------+--------+--------+-----+--------+
         Total |  14232 |  13687 |    545 |   3460 |   7771 |  11 | 1293.8 |
       Dungeon |  13732 |  13219 |    513 |   3230 |   7538 |  10 | 1373.2 |
        Temple |    499 |    467 |     32 |    230 |    232 |   1 |  499.0 |
               +--------+--------+--------+--------+--------+-----+--------+

Top non-repeatable levels by time:
     D:8: 2301 daAuts
     D:7: 1726 daAuts
     D:6: 1550 daAuts
     D:3: 1465 daAuts
    D:10: 1277 daAuts
     D:5: 1236 daAuts
     D:1: 1205 daAuts
     D:4: 1050 daAuts
     D:2: 976 daAuts
     D:9: 942 daAuts
  Temple: 499 daAuts
